 Dungeon Crawl Stone Soup version 0.31-a0-237-g2d982f9f85 (webtiles) character file.

Game seed: 12228438285951409213

60 qw the Shooter (level 4, 0/26 HPs)
             Began as a Gargoyle Hexslinger on July 11, 2023.
             Slain by a goblin
             ... wielding a +0 club
              (2 damage)
             ... on level 2 of the Dungeon.
             The game lasted 00:00:30 (1148 turns).

qw the Shooter (Gargoyle Hexslinger)                Turns: 1148, Time: 00:00:30

Health: 0/26       AC: 12    Str: 11    XL:     4   Next: 6%
Magic:  5/5        EV: 10    Int: 17    God:
Gold:   57         SH:  0    Dex: 16    Spells: 4/5 levels left

rFire   . . .        Y - +1 sling
rCold   . . .        (no shield)
rNeg    + . .        m - +0 ring mail
rPois   inf          g - +0 helmet
rElec   +            (no cloak)
rCorr   .            (no gloves)
SInv    .            a - +2 pair of boots of the Equinox {Int+3 Dex+2}
Will    .....        (no amulet)
Stlth   +            (no ring)
HPRegen 0.24/turn    (no ring)
MPRegen 0.09/turn

%: no passive effects
@: no status effects
A: sickness immunity, AC +3, negative energy resistance 1, electricity
resistance, torment resistance 1, petrification resistance
a: no special abilities


You were on level 2 of the Dungeon.
You visited 1 branch of the dungeon, and saw 2 of its levels.

You collected 57 gold pieces.


Innate Abilities, Weirdness & Mutations

You are immune to sickness and miasma.
Your stone body is resilient. (AC +3)
You are immune to poison.
You resist negative energy. (rN+)
You are resistant to electric shocks. (rElec)
You are resistant to unholy torment.
You are immune to petrification.


   Skills:
 - Level 2.0 Fighting
 + Level 3.5 Ranged Weapons
 - Level 1.3 Armour
 - Level 1.5 Dodging
 - Level 1.0 Spellcasting
 - Level 2.6 Hexes


You had 4 spell levels left.
You knew the following spells:

 Your Spells              Type           Power      Damage    Failure   Level
a - Slow                  Hex            36%        N/A       17%         1

Your spell library contained the following spells:

 Spells                   Type           Power      Damage    Failure   Level
 Inner Flame              Hex/Fire       5%         N/A       65%         3
 Portal Projectile        Hex/Tloc       10%        N/A       65%         3
 Cause Fear               Hex            4%         N/A       86%         4

Inventory:

Hand Weapons
 Y - a +1 sling (weapon)
Armour
 a - the +2 pair of boots of the Equinox (worn) {Int+3 Dex+2}
   (You acquired it on level 1 of the Dungeon)

   Int:       It affects your intelligence (+3).
   Dex:       It affects your dexterity (+2).
 g - a +0 helmet (worn)
 m - a +0 ring mail (worn)
Potions
 d - a potion of haste {unknown}
 e - a potion of curing {unknown}
 k - a potion of resistance
 l - a potion of degeneration {unknown}

Dungeon Overview and Level Annotations

Branches:
Dungeon (2/15)

Altars:


Message History

You shoot a sling bullet. The sling bullet hits the goblin.
You kill the goblin!
The goblin hits you but does no damage. x2; The goblin barely misses you.
You have reached level 4!
You feel clever.
You shoot a sling bullet.
The sling bullet closely misses the goblin.
The goblin hits you but does no damage. x2
You shoot a sling bullet.
The sling bullet closely misses the goblin.
The goblin barely misses you. The goblin hits you but does no damage.
The goblin completely misses you. The goblin barely misses you.
You shoot a sling bullet.
The sling bullet closely misses the goblin.
The goblin hits you but does no damage. The goblin hits you with a +0 dagger.
The goblin barely misses you. The goblin hits you but does no damage.
You shoot a sling bullet. The sling bullet hits the goblin!
You kill the goblin!
The goblin hits you with a +0 dagger. The goblin closely misses you.
You shoot a sling bullet. The sling bullet hits the goblin.
The goblin is heavily wounded.
The goblin hits you but does no damage. x2; The goblin barely misses you.
The goblin hits you but does no damage.
You shoot a sling bullet.
The sling bullet barely misses the goblin.
The goblin hits you with a +0 club.
You shoot a sling bullet. The sling bullet hits the goblin.
You kill the goblin!
The goblin hits you but does no damage. The goblin hits you with a +0 dagger.
You shoot a sling bullet.
The sling bullet completely misses the goblin.
The goblin hits you but does no damage. The goblin closely misses you.
The goblin hits you with a +0 dagger. The goblin hits you but does no damage.
You shoot a sling bullet. The sling bullet hits the goblin.
The goblin is severely wounded.
The goblin hits you but does no damage. The goblin closely misses you.
The goblin barely misses you.
You shoot a sling bullet. The sling bullet hits the goblin.
You kill the goblin!
The goblin hits you with a +0 dagger. The goblin hits you with a +0 club.
You die... ..#.#......##..###..##.# #.# ...#.. #.# ##.##)### ......... #......# .#.....####+####..#%# #....# .#...#.##.#.# ... '...' #.#.## ... .gg

##.#..# ..
##g####..##.# ...
#g@)#...###.#
....##.##.### #.#
#...#'#..# #.#
#.#.....######.#######
#.......# #..........#
#######.###..........#
#..............#
#####..........#
#..%.......#


You could see a hobgoblin and 3 goblins.

Vanquished Creatures
  2 adders (D:2)
  3 dart slugs
  6 ball pythons (D:1)
  4 bats
  4 endoplasms (D:1)
  6 goblins
  3 quokkas
  4 frilled lizards
  3 kobolds
35 creatures vanquished.

Notes
Turn   | Place    | Note
-------+----------+-------------------------------------------
     0 | D:1      | qw the Gargoyle Hexslinger began the quest for the Orb.
     0 | D:1      | Reached XP level 1. HP: 12/12 MP: 2/2
     0 | D:1      | 0 ||| qw: Version: 0.3-a-52-g30416fa
     0 | D:1      | 0 ||| qw: Game counter: 5768
     0 | D:1      | 0 ||| qw: Melee chars always use a shield: true
     0 | D:1      | 0 ||| qw: God list: Okawaru
     0 | D:1      | 0 ||| qw: Allow faded altars: false
     0 | D:1      | 0 ||| qw: Do Orc after clearing Dungeon:15 true
     0 | D:1      | 0 ||| qw: Do second Lair branch before Depths: true
     0 | D:1      | 0 ||| qw: Lair rune preference: random
     0 | D:1      | 0 ||| qw: Goals: Normal
     0 | D:1      | 0 ||| PLANNING D:1-11
   159 | D:1      | Reached XP level 2. HP: 16/16 MP: 3/3
   300 | D:1      | Reached skill level 3 in Ranged Weapons
   571 | D:1      | Reached XP level 3. HP: 18/21 MP: 4/4
   869 | D:1      | 869 ||| UPGRADING to +0 leather armour.
   879 | D:1      | 879 ||| DROPPING +0 robe.
   880 | D:1      | 880 ||| UPGRADING to +0 helmet.
   885 | D:1      | 885 ||| UPGRADING to +0 ring mail.
   895 | D:1      | 895 ||| DROPPING +0 leather armour.
   896 | D:1      | 896 ||| READING scroll labelled XAETENKE TUVO.
   896 | D:1      | Identified a scroll of acquirement
   896 | D:1      | 896 ||| ACQUIRING +2 pair of boots of the Equinox {Int+3
                  | Dex+2}
   896 | D:1      | Acquired the +2 pair of boots of the Equinox {Int+3 Dex+2}
   898 | D:1      | 898 ||| UPGRADING to +2 pair of boots of the Equinox {Int+3
                  | Dex+2}.
   903 | D:1      | 903 ||| READING scroll labelled QEZISO MIRGHOQIUNU.
   904 | D:1      | 904 ||| DRINKING 2 emerald potions.
   905 | D:1      | 905 ||| DRINKING 2 yellow potions.
   906 | D:1      | 906 ||| DROPPING scroll of poison.
   907 | D:1      | 907 ||| DROPPING potion of invisibility.
   967 | D:2      | Found a faded altar of an unknown god.
   994 | D:2      | Reached skill level 1 in Armour
  1139 | D:2      | Reached XP level 4. HP: 14/26 MP: 5/5
  1146 | D:2      | HP: 5/26 [goblin/+0 dagger (2)]
  1148 | D:2      | HP: 2/26 [goblin/+0 dagger (3)]
  1148 | D:2      | Slain by a goblin

Levels and vault maps discovered:
D:1:      dpeg_arrival_long_road, layout_basic, roderic_lattice_a
D:2:      cheibrodos_greedy_goblins, layout_rooms, nicolae_ecumenical_pavilion,
          minmay_pentomino_u4, uniq_natasha

Skill      XL: |  1  2  3 |
---------------+----------+-----
Ranged Weapons | 3 |  3.5
Fighting       | 2 |  2.0
Armour         | 1 |  1.3
Dodging        | |  1.5
Spellcasting   | |  1.0
Hexes          | |  2.6

Action                     |  1- 3 |  4- 6 || total
---------------------------+-------+-------++-------
   Fire: Sling             |   109 |    10 ||   119
    Use: Scroll            |     2 |       ||     2
         Potion            |     2 |       ||     2
 Armour: Robe              |     6 |       ||     6
         Ring mail         |    26 |    12 ||    38
  Dodge: Dodged            |    40 |     9 ||    49

Table legend:
 A = Non-vault XP
 B = Vault XP
 C = Vault XP percentage of total XP
 D = Non-vault monster count
 E = Vault monster count
 F = Vault count percentage of total count
                 A         B        C        D         E       F
            +---------+---------+-------+---------+---------+-------
      Total |      80 |       9 |  10.1 |      30 |       5 |  14.3
            +---------+---------+-------+---------+---------+-------
        D:1 |      41 |       0 |   0.0 |      21 |       0 |   0.0
        D:2 |      39 |       9 |  18.8 |       9 |       5 |  35.7
            +---------+---------+-------+---------+---------+-------
